 Dungeon Crawl Stone Soup version 0.24.1 (webtiles) character file.

Game seed: 3673560325300210204, levelgen mode: deterministic

7268 Amplified the Basher (level 10, -9/88 HPs)
             Began as a Minotaur Air Elementalist on Apr 4, 2020.
             Was an Elder of the Shining One.
             Mangled by a sun demon (17 damage)
             ... summoned by an orc high priest
             ... on level 1 of the Orcish Mines.
             The game lasted 00:18:31 (12304 turns).

Amplified the Basher (Minotaur Air Elementalist)   Turns: 12304, Time: 00:18:32

Health: -9/88      AC: 15    Str: 16    XL:     10   Next: 89%
Magic:  3/12       EV: 12    Int: 12    God:    the Shining One [****..]
Gold:   604        SH: 12    Dex: 14    Spells: 11/11 levels left

rFire    . . .     SeeInvis .   e - +0 flail
rCold    . . .     Gourm    .   t - +1 shield
rNeg     + + .     Faith    .   D - +3 scale mail {rPois}
rPois    +         Spirit   .   (helmet restricted)
rElec    .         Reflect  .   C - +0 cloak
rCorr    .         Harm     .   (no gloves)
MR       .....                  a - +2 pair of boots
Stlth    ..........             h - amulet of the acrobat
HPRegen  0.24/turn              b - +3 ring of dexterity
MPRegen  0.13/turn              p - ring of wizardry

@: glowing
A: retaliatory headbutt, hooves 1, horns 2, blink
a: Blink, Divine Shield, Cleansing Flame, Renounce Religion


You were on level 1 of the Orcish Mines.
You worshipped the Shining One.
The Shining One was greatly pleased with you.
You were very hungry.

You visited 4 branches of the dungeon, and saw 15 of its levels.

You collected 879 gold pieces.
You spent 275 gold pieces at shops.

Inventory:

Hand Weapons
 d - a cursed +1 antimagic halberd
 e - a +0 flail (weapon)
 f - a +0 whip
Armour
 a - a +2 pair of boots (worn)
 t - a +1 shield (worn)
 C - a +0 cloak (worn)
 D - a +3 scale mail of poison resistance (worn)
Jewellery
 b - a +3 ring of dexterity (left hand)
 h - an amulet of the acrobat (around neck)
 p - a ring of wizardry (right hand)
 s - a +5 ring of intelligence
Wands
 k - a wand of flame (5)
Scrolls
 i - 2 scrolls of enchant weapon
 j - 6 scrolls of remove curse
 o - a scroll of vulnerability
 r - 2 scrolls of identify
 w - 2 scrolls of immolation
Potions
 l - 4 potions of flight
 A - a potion of brilliance
 B - a potion of curing
Comestibles
 c - 22 rations


   Skills:
 + Level 7.9 Fighting
 * Level 10.0 Maces & Flails
 + Level 7.8 Armour
 + Level 7.6 Dodging
 - Level 1.5 Stealth
 * Level 9.0 Shields
 - Level 1.3 Spellcasting
   Level 0.6 Conjurations
   Level 2.1 Air Magic
 * Level 4.4 Invocations


You had 11 spell levels left.
You didn't know any spells.
Your spell library contained the following spells:

 Spells                   Type           Power        Failure   Level  Hunger
 Shock                    Conj/Air       #...         38%         1    ##.....
 Animate Skeleton         Necr           N/A          56%         1    ##.....
 Apportation              Tloc           #.....       56%         1    ##.....
 Confusing Touch          Hex            #.....       56%         1    ##.....
 Summon Small Mammal      Summ           #...         56%         1    ##.....
 Swiftness                Chrm/Air       #.......     56%         2    ###....
 Throw Flame              Conj/Fire      #.....       67%         2    ###....
 Static Discharge         Conj/Air       #.......     75%         3    ####...
 Conjure Flame            Conj/Fire      #.......     87%         3    ####...
 Airstrike                Air            #.........   95%         4    #####..
 Ice Form                 Ice/Tmut       #.......     99%         4    #####..
 Summon Ice Beast         Ice/Summ       #.......     99%         4    #####..
 Lightning Bolt           Conj/Air       #.........   100%        5    ######.
 Orb of Destruction       Conj           #.........   100%        7    #######


Dungeon Overview and Level Annotations

Branches:
Dungeon (11/15)            Temple (1/1) D:7            Lair (1/6) D:9
    Orc (2/2) D:10            Elf (0/3) Orc:2

Altars:
Ashenzari
Cheibriados
Dithmenos
Elyvilon
Fedhas
Gozag
Hepliaklqana
Kikubaaqudgha
Makhleb
Nemelex Xobeh
Okawaru
Qazlal
Ru
Sif Muna
Trog
Uskayaw
Vehumet
Wu Jian
Xom
Yredelemnul
Zin
The Shining One

Shops:
D:8 %   D:9 [   Orc:2 =

Annotations:
D:6 2 runed translucent doors, hitsuchi's ghost, novice OpCK
D:9 1 runed translucent door, tmanko2's ghost, novice GrFi
Orc:2 Maurice


Innate Abilities, Weirdness & Mutations

You reflexively headbutt those who attack you in melee.
You have a pair of horns on your head.
You have large cloven feet.
You can translocate small distances at will.


Message History

You headbutt the orc warrior, but do no damage.
You block the orc high priest's attack.
You barely miss the orc high priest.
Your headbutt misses the orc high priest.
The orc high priest is heavily wounded.
You block the sun demon's attack. You block the orc warrior's attack.
Unknown command.
You hit the orc high priest.
Your headbutt misses the orc high priest.
The orc high priest is heavily wounded.
The orc high priest calls down the wrath of Beogh upon you.
Beogh smites you! The sun demon hits you.
You are engulfed in flames!
The orc warrior closely misses you.
Unknown command.
You sock the orc high priest!
The orc high priest is severely wounded.
The sun demon hits you!!
* * * LOW HITPOINT WARNING * * *
You are engulfed in flames!
You die...

####..... ###....##
#.....3##.......#.
....o.3o.........
#.4.o..o......#. ..
###..3.#.....#.####.#
##.###..o.#...#..##
######......#....#
##3#o.......#.....
#@o4o............#
##oo....#.........
####.##.#..........
###..##...#......#...
#..............>.....
#...............).#...
##......##.........###
#.......#.........#
#...#.....#..........


You could see an orc high priest, a sun demon, a hellwing, an orc warrior and 3
orcs.

Vanquished Creatures
  A hornet (D:10)
  2 trolls
  A hippogriff (D:9)
  Sigmund (D:2)
  A wyvern (D:9)
  A wraith (D:10)
  A hungry ghost (D:10)
  A soldier ant (D:10)
  2 wargs (D:9)
  A water moccasin (Lair:1)
  6 orc warriors
  2 ice beasts
  A hornet zombie (D:7)
  2 sky beasts (D:10)
  3 black bears
  2 phantoms
  7 ogres
  2 centaurs
  A crocodile (D:6)
  6 bullfrogs
  2 scorpions
  3 troll zombies (D:10)
  3 killer bees (D:8)
  4 wights
  7 howler monkeys
  3 bullfrog zombies
  5 crimson imps
  9 orc priests
  A bullfrog skeleton (D:8)
  5 hounds
  A jelly (D:9)
  4 iguanas
  Natasha (twice) (D:3)
  12 orc wizards
  7 worker ants
  A killer bee zombie (D:7)
  3 ogre zombies (D:10)
  2 hound zombies
  A howler monkey zombie (D:10)
  2 worker ant zombies
  13 gnolls
  7 adders
  2 shadow imps
  An ooze (D:3)
  An adder zombie (D:7)
  2 worms
  2 dart slugs (D:2)
  6 leopard geckos
  64 orcs
  10 giant cockroaches
  5 goblins
  12 hobgoblins
  14 jackals
  3 quokkas
  A ball python (D:5)
  6 bats
  9 frilled lizards
  A giant cockroach zombie (D:5)
  A goblin skeleton (D:10)
  A goblin zombie (D:10)
  2 hobgoblin zombies (D:10)
  6 kobolds
  A leopard gecko skeleton (D:4)
  A leopard gecko zombie (D:6)
  An orc skeleton (D:10)
  14 orc zombies (D:10)
  A quokka skeleton (D:7)
  A quokka zombie (D:7)
  9 rats
318 creatures vanquished.

Notes
Turn   | Place    | Note
-------+----------+-------------------------------------------
     0 | D:1      | Amplified the Minotaur Air Elementalist began the quest for
                  | the Orb.
     0 | D:1      | Reached XP level 1. HP: 14/14 MP: 1/1
   406 | D:1      | Reached skill level 1 in Fighting
   406 | D:1      | Reached skill level 1 in Armour
   419 | D:1      | Reached XP level 2. HP: 13/23 MP: 3/3
  1187 | D:2      | Noticed Sigmund
  1220 | D:3      | Reached skill level 1 in Maces & Flails
  1223 | D:3      | Reached XP level 3. HP: 26/28 MP: 4/4
  1617 | D:3      | Reached XP level 4. HP: 28/36 MP: 5/5
  1618 | D:3      | Gained mutation: Your mind is acute. (Int +2) [potion of
                  | mutation]
  1618 | D:3      | Gained mutation: You are frail. (-10% HP) [potion of
                  | mutation]
  1618 | D:3      | Gained mutation: You have very sharp teeth. [potion of
                  | mutation]
  1619 | D:3      | Lost mutation: You are frail. (-10% HP) [potion of
                  | mutation]
  1619 | D:3      | Lost mutation: Your mind is acute. (Int +2) [potion of
                  | mutation]
  1619 | D:3      | Lost mutation: You have very sharp teeth. [potion of
                  | mutation]
  1619 | D:3      | Gained mutation: You can translocate small distances at
                  | will. [potion of mutation]
  1619 | D:3      | Gained mutation: You have large cloven feet. [potion of
                  | mutation]
  1824 | D:3      | Noticed Natasha
  1832 | D:3      | Killed Natasha
  2197 | D:3      | Noticed Natasha
  2202 | D:3      | Killed Natasha
  2202 | D:3      | Reached skill level 2 in Maces & Flails
  2352 | D:2      | You fall into a shaft and drop 1 floor!
  2409 | D:2      | Reached XP level 5. HP: 41/42 MP: 6/6
  2709 | D:4      | Noticed an ogre
  2743 | D:4      | Killed an ogre
  2743 | D:4      | Reached skill level 3 in Maces & Flails
  2743 | D:4      | Reached XP level 6. HP: 17/51 MP: 7/7
  3647 | D:5      | Entered Level 5 of the Dungeon
  3928 | D:5      | Reached skill level 4 in Maces & Flails
  3928 | D:5      | Reached XP level 7. HP: 46/59 MP: 8/8
  4560 | D:5      | Reached skill level 1 in Shields
  4990 | D:5      | Reached skill level 5 in Dodging
  5504 | D:5      | Reached skill level 5 in Maces & Flails
  5576 | D:6      | Reached skill level 5 in Fighting
  5576 | D:6      | Reached skill level 5 in Armour
  5646 | D:6      | Reached XP level 8. HP: 61/68 MP: 9/9
  5828 | D:6      | Reached skill level 6 in Maces & Flails
  5936 | D:6      | Identified the Tome of the Glacier and Attacks
  5981 | D:6      | Found a glowing silver altar of Zin.
  6196 | D:6      | Found a runed translucent door.
  6196 | D:6      | Noticed hitsuchi's ghost (novice OpCK)
  6218 | D:6      | Found a runed translucent door.
  6500 | D:7      | Found a staircase to the Ecumenical Temple.
  6534 | Temple   | Entered the Ecumenical Temple
  6915 | D:7      | Reached skill level 5 in Shields
  7343 | D:7      | Found a shadowy altar of Dithmenos.
  7477 | D:6      | Reached skill level 7 in Maces & Flails
  7477 | D:6      | Reached XP level 9. HP: 67/75 MP: 10/10
  7901 | D:8      | Found Etynk's Food Shoppe.
  8644 | D:8      | Noticed a troll
  8649 | D:8      | Killed a troll
  8649 | D:8      | Reached skill level 8 in Maces & Flails
  9007 | D:2      | Killed Sigmund
  9067 | D:2      | Found a faded altar of an unknown god.
  9116 | D:2      | Found an iron altar of Okawaru.
  9123 | D:2      | Found a glowing golden altar of the Shining One.
  9132 | D:2      | Became a worshipper of the Shining One
  9137 | D:2      | Found a sparkling altar of Nemelex Xobeh.
  9664 | D:9      | Reached skill level 1 in Invocations
  9711 | D:9      | Found an opulent altar of Gozag.
  9732 | D:9      | Found a staircase to the Lair.
  9766 | D:9      | Found Icygug's Armour Shop.
  9802 | D:9      | Bought a +0 cloak for 45 gold pieces
  9802 | D:9      | Bought a +3 scale mail of poison resistance for 230 gold
                  | pieces
  9841 | D:9      | Reached XP level 10. HP: 77/86 MP: 11/11
 10033 | D:9      | Noticed a fire dragon
 10255 | D:9      | Found a runed translucent door.
 10257 | D:9      | Found a shimmering altar of Xom.
 10257 | D:9      | Noticed tmanko2's ghost (novice GrFi)
 10258 | D:9      | Noticed a +1 war axe of chaos
 10350 | D:9      | Reached * piety under the Shining One
 10421 | D:9      | Found a sacrificial altar of Ru.
 10623 | D:10     | Entered Level 10 of the Dungeon
 10659 | D:10     | Reached ** piety under the Shining One
 10660 | D:10     | Found a staircase to the Orcish Mines.
 10683 | D:10     | Reached skill level 9 in Maces & Flails
 10744 | D:10     | Reached *** piety under the Shining One
 10865 | D:10     | Paralysed by a hornet for 1 turns
 11590 | D:11     | Found an ornate altar of the Wu Jian Council.
 11597 | D:11     | Noticed a seven-headed hydra
 11670 | Lair:1   | Entered Level 1 of the Lair of Beasts
 11701 | Lair:1   | Noticed a spiny frog
 11893 | Orc:1    | Entered Level 1 of the Orcish Mines
 12020 | Orc:2    | Entered Level 2 of the Orcish Mines
 12033 | Orc:2    | Noticed an orc knight
 12038 | Orc:2    | Reached **** piety under the Shining One
 12045 | Orc:2    | Noticed an orc knight
 12045 | Orc:2    | Noticed an orc sorcerer
 12045 | Orc:2    | Noticed an orc knight
 12045 | Orc:2    | Noticed an orc sorcerer
 12045 | Orc:2    | Noticed an orange demon
 12045 | Orc:2    | Noticed a smoke demon
 12045 | Orc:2    | Noticed an orange demon
 12045 | Orc:2    | Noticed an orc sorcerer
 12047 | Orc:2    | Noticed an orc high priest
 12145 | Orc:2    | Found a staircase to the Elven Halls.
 12160 | Orc:2    | Found Zisyn's Jewellery Boutique.
 12248 | Orc:2    | Noticed Maurice
 12248 | Orc:2    | Paralysed by Maurice for 4 turns
 12279 | Orc:1    | Noticed an orc high priest
 12282 | Orc:1    | Noticed a sun demon
 12300 | Orc:1    | Reached skill level 10 in Maces & Flails
 12304 | Orc:1    | Mangled by a sun demon

Levels and vault maps discovered:
D:1:      co_arrival_random_square_maze, layout_loops_corners
D:2:      layout_rooms, minmay_overflow_temple_star_quad,
          chequers_ecumenical_altar_simple, serial_glass, glass_columns_a,
          glass_columns_b, item_on_display_a, minmay_strange_pillars,
          minmay_strange_pillars, feat_on_display, dk_vineyard_1,
          chequers_serial_rivers_large_a, uniq_sigmund
D:3:      cheibrodos_helix_gallery, layout_basic, first_ration, uniq_natasha
D:4:      layout_loops_ring
D:5:      layout_basic
D:6:      layout_loops_ring, kennysheep_mini, ebering_ghost_sewer_f
D:7:      layout_gridville, grunt_dithmenos_shadows,
          minmay_temple_entry_statues_pillars, grunt_ogre_cave
D:8:      layout_cave_pods, serial_shops, nicolae_shop_behind_doors
D:9:      dragon1_lemuel, layout_basic, lemuel_doored_altar,
          erik_lair_orcish_takeover, ebering_ghost_xom, serial_shops, shop,
          nicolae_gozag_seed_capital
D:10:     layout_roguey [special_room_orc], zombieorc1_lemuel
D:11:     layout_loops_ring, basic_altar, st_stairs_1
Temple:   eino_temple_scatter_basement
Lair:1:   layout_hall_layers, minmay_holes, st_stairs_8
Orc:1:    layout_caves, lightli_church_of_beogh
Orc:2:    pf_orc_diabolical, layout_diamond_mine, serial_shops, shop,
          uniq_maurice

Skill      XL: |  1  2  3  4  5  6  7  8  9 10 |
---------------+-------------------------------+-----
Fighting       | 1 2 3 4 5 6 7 |  7.9
Armour         | 1 2 3 4 5 6 7 |  7.8
Maces & Flails | 1 2 3 4 5 7 8 10 | 10.0
Dodging        | 3 4 5 6 7 |  7.6
Shields        | 2 5 7 9 |  9.0
Invocations    | 1 4 |  4.4
Stealth        | |  1.5
Spellcasting   | |  1.3
Conjurations   | |  0.6
Air Magic      | |  2.1

Action                   |  1- 3 |  4- 6 |  7- 9 | 10-12 || total
-------------------------+-------+-------+-------+-------++-------
Melee: Unarmed           |    29 |       |       |       ||    29
       Club              |   103 |       |       |       ||   103
       Headbutt          |    12 |    19 |    81 |    69 ||   181
       Flail             |    23 |   162 |   474 |   400 ||  1059
       Kick              |       |    36 |   116 |    81 ||   233
Throw: Throwing net      |     2 |     1 |     1 |       ||     4
Invok: Divine Shield     |       |       |       |     2 ||     2
       Cleansing Flame   |       |       |       |     2 ||     2
 Abil: Blink             |       |       |     4 |       ||     4
Evoke: Wand              |       |       |    24 |     3 ||    27
  Use: Potion            |     3 |     6 |     5 |     2 ||    16
       Scroll            |     4 |     4 |    12 |     7 ||    27
 Stab: Sleeping          |     2 |       |       |       ||     2
       Held in net/web   |       |     1 |       |       ||     1
       Paralysed         |       |       |     2 |       ||     2
  Eat: Chunk             |     2 |     6 |    12 |     2 ||    22
       Ration            |       |     1 |     2 |     3 ||     6
Armor: Scale mail        |    71 |    66 |    82 |   134 ||   353
       Robe              |     5 |       |       |       ||     5
       Skin              |       |       |    12 |       ||    12
       Troll leather arm |       |       |    12 |       ||    12
Dodge: Dodged            |    91 |   123 |   189 |   151 ||   554
Block: Shield            |       |       |   192 |   290 ||   482
